 Dungeon Crawl Stone Soup version 0.31-a0-743-g45f7035092 (webtiles) character file.

Game seed: 15112199703132127297

2512 cforsyth the Fighter (level 9, -2/73 HPs)
             Began as a Djinni Chaos Knight on Sept 13, 2023.
             Was an Initiate of Hepliaklqana.
             Slain by a slime creature (18 damage)
             ... on level 6 of the Dungeon.
             The game lasted 00:10:59 (7303 turns).

cforsyth the Fighter (Djinni Chaos Knight)          Turns: 7303, Time: 00:11:00

Health: -2/73      AC:  5    Str: 11    XL:     9   Next: 83%
Gold:   259        EV: 11    Int: 18    God:    Hepliaklqana [......] SH:  0 Dex: 13

rFire   + + .        d - +3 spear (flame)
rCold   x . .        (no shield)
rNeg    . . .        j - +2 leather armour {Will+}
rPois   ∞            (helmet restricted)
rElec   .            (no cloak)
rCorr   .            (no gloves)
SInv    .            (boots unavailable)
Will    +....        (no amulet)
Stlth   +            (no ring)
HPRegen 0.32/turn    (no ring)
MPRegen 0.00/turn

%: infuse magic (-3 HP)
@: flying
A: sickness immunity, fire resistance 2, cold vulnerability 1, float, innate
caster, HP casting, extra vitality 1, antennae 1
a: Renounce Religion


You were on level 6 of the Dungeon.
You worshipped Hepliaklqana.
Hepliaklqana was noncommittal.
You visited 2 branches of the dungeon, and saw 8 of its levels.
You also visited: Ossuary.

You collected 259 gold pieces.

Inventory:

Hand Weapons
 d - a +3 spear of flaming (weapon)
Missiles
 m - a throwing net
Armour
 j - a +2 leather armour of willpower (worn)
 p - a +2 helmet
Wands
 n - a wand of quicksilver (10)
 x - a wand of charming (7)
 y - a wand of flame (17)
Scrolls
 e - a scroll of fog {unknown}
 f - a scroll of blinking {unknown}
 g - 7 scrolls of teleportation {unknown}
 k - a scroll of enchant weapon
 q - a scroll of silence
 r - a scroll of enchant armour {unknown}
 u - a scroll of amnesia {unknown}
 v - 3 scrolls of immolation
 w - a scroll of summoning {unknown}
 z - a scroll of identify
Potions
 a - a potion of lignification
 b - a potion of ambrosia {unknown}
 c - 2 potions of mutation
 h - 2 potions of haste
 i - a potion of cancellation {unknown}
 l - a potion of curing
 o - 4 potions of might
 s - a potion of heal wounds {unknown}
 t - 3 potions of attraction


   Skills:
 + Level 9.4 Fighting
 - Level 2.6 Long Blades
 - Level 1.0 Armour
 - Level 2.1 Dodging
 + Level 6.5 Spellcasting
 + Level 6.5 Conjurations
 + Level 6.5 Hexes
   Level 0.0 Charms
 + Level 6.5 Summonings
 + Level 6.5 Necromancy
 + Level 6.5 Translocations
 + Level 6.5 Transmutations
 + Level 6.5 Fire Magic
 + Level 6.5 Ice Magic
 + Level 6.5 Air Magic
 + Level 6.5 Earth Magic
 + Level 6.5 Poison Magic


You knew the following spells:

 Your Spells              Type           Power      Damage    Failure   Level
a - Shock                 Conj/Air       100%       1d9       1%          1
b - Jinxbite              Hex            58%        N/A       1%          2
c - Vampiric Draining     Necr           29%        2d8       3%          3
d - Animate Dead          Necr           29%        N/A       11%         4
Your spell library was empty.

Dungeon Overview and Level Annotations

Branches:
Dungeon (7/15)             Temple (1/1) D:7         Ossuary (visited)

Altars:
Ashenzari
Cheibriados
Elyvilon
Fedhas
Gozag
Hepliaklqana
Makhleb
Nemelex Xobeh
Okawaru
Qazlal
Ru
Trog
Uskayaw
Xom
Yredelemnul
Zin

Shops:
D:1 :

Annotations:
D:2 1 runed translucent door, Crazy Yiuf
D:6 Jeremiah


Innate Abilities, Weirdness & Mutations

You are immune to sickness and miasma.
You are immune to poison.
Your flesh is very heat resistant. (rF++)
You are vulnerable to cold. (rC-)
You float through the air rather than walking.
You learn spells naturally, not from books.
Your magical power is your life essence.
You have superior vitality. (+4 MHP)
You have a pair of small antennae on your head.


Message History

The black bear claws you but does no damage.
The black bear claws you. The black bear closely misses you. x2
The black bear misses you.
You hit the black bear. You burn the black bear.
You punch the black bear, but do no damage.
The black bear is heavily wounded.
The black bear bites you but does no damage.
The black bear claws you but does no damage. x2
You completely miss the black bear.
The black bear is heavily wounded.
The black bear bites you.
* * * LOW HITPOINT WARNING * * *
The black bear claws you but does no damage.
The black bear claws you.
* * * LOW HITPOINT WARNING * * *
You barely miss the black bear.
The black bear is heavily wounded.
The black bear barely misses you.
The black bear claws you but does no damage.
The black bear closely misses you.
You hit the black bear. You burn the black bear.
The black bear is severely wounded.
The black bear bites you.
* * * LOW HITPOINT WARNING * * *
The black bear barely misses you. The black bear closely misses you.
You hit the black bear. You burn the black bear.
The black bear is almost dead.
The black bear closely misses you. The black bear claws you.
* * * LOW HITPOINT WARNING * * *
The black bear claws you but does no damage.
Aiming: Quicksilver Bolt
Press: ? - help, Shift-Dir - straight line, f - black bear
Aim: a black bear (almost dead, 79% to hit)
The bolt of dispelling energy hits the black bear!
You kill the black bear!
The bolt of dispelling energy hits the slime creature!
The slime creature is moderately wounded.
You feel your dexterity returning.
You feel better. The slime creature hits you!!
You die...

#.... ###..# #. ##..
.#.#..#.
..##..........#..
.............##..
.......##........ .
#.....#......# ...##
#.......##..##.
......####......<.......
.......@J.........#.....
......###.........##....
..##. ##>............. #
#......##.........
.....................
.......#.............
##....)..........##..
.......#.............
.......#.............


You could see a slime creature.

Vanquished Creatures
  Sigmund (D:4)
  A water moccasin (D:6)
  2 sky beasts
  2 black bears
  An ogre (D:4)
  A centaur (D:5)
  2 phantoms
  4 scorpions
  A bullfrog (Temple)
  5 wights
  2 centaur zombies (Ossuary)
  A human zombie (Ossuary)
  7 hounds
  4 orc priests
  A sleepcap (Temple)
  Jessica (D:3)
  Natasha (thrice) (D:3)
  5 orc wizards
  2 iguanas
  4 mummies (Ossuary)
  4 gnolls (D:5)
  6 adders
  A shadow imp (D:6)
  An ufetubus (D:5)
  2 dart slugs
  19 orcs
  4 endoplasms
  4 giant cockroaches
  4 goblins
  3 hobgoblins
  8 jackals
  7 quokkas
  5 ball pythons
  4 bats
  6 frilled lizards
  A gnoll zombie (Ossuary)
  A goblin zombie (Ossuary)
  A hobgoblin zombie (Ossuary)
  11 kobolds
  2 orc zombies (Ossuary)
  2 rats (D:2)
146 creatures vanquished.

Vanquished Creatures (collateral kills)
  An adder (D:4)
  An ufetubus (D:4)
  A dart slug (D:4)
  An orc (D:4)
  A kobold (D:4)
5 creatures vanquished.

Grand Total: 151 creatures vanquished

Notes
Turn   | Place    | Note
-------+----------+-------------------------------------------
     0 | D:1      | cforsyth the Djinni Chaos Knight began the quest for the
                  | Orb.
     0 | D:1      | Reached XP level 1. HP: 20/20 MP: 0/0
   167 | D:1      | Reached XP level 2. HP: 25/25 MP: 0/0
   183 | D:1      | Found Kasohuc's Book Shop.
   602 | D:1      | Reached skill level 1 in Spellcasting
   602 | D:1      | Reached skill level 1 in Conjurations
   602 | D:1      | Reached skill level 1 in Hexes
   602 | D:1      | Reached skill level 1 in Summonings
   602 | D:1      | Reached skill level 1 in Necromancy
   602 | D:1      | Reached skill level 1 in Translocations
   602 | D:1      | Reached skill level 1 in Transmutations
   602 | D:1      | Reached skill level 1 in Fire Magic
   602 | D:1      | Reached skill level 1 in Ice Magic
   602 | D:1      | Reached skill level 1 in Air Magic
   602 | D:1      | Reached skill level 1 in Earth Magic
   602 | D:1      | Reached skill level 1 in Poison Magic
   649 | D:1      | Reached XP level 3. HP: 27/30 MP: 0/0
   649 | D:1      | Learned a level 1 spell: Shock
   853 | D:2      | XOM: 1-stop teleportation journey
   858 | D:2      | Found a faded altar of an unknown god.
   954 | D:2      | XOM: god gift: Xom's Tome of Stoicism {god gift}
  1126 | D:2      | Reached XP level 4. HP: 37/37 MP: 0/0
  1183 | D:2      | Reached skill level 4 in Fighting
  1490 | D:2      | Found a runed translucent door.
  1491 | D:2      | Noticed Crazy Yiuf
  1865 | D:3      | Noticed Natasha
  1879 | D:3      | Killed Natasha
  1880 | D:3      | Reached XP level 5. HP: 16/41 MP: 0/0
  1880 | D:3      | Learned a level 2 spell: Jinxbite
  2170 | D:3      | Noticed Natasha
  2183 | D:3      | Killed Natasha
  2297 | D:3      | XOM: silly message
  2325 | D:3      | Noticed Jessica
  2331 | D:3      | Killed Jessica
  2364 | D:3      | XOM: god gift: 27 gold pieces
  2439 | D:3      | Noticed Natasha
  2443 | D:3      | Killed Natasha
  2639 | D:4      | Noticed Sigmund
  2640 | D:4      | XOM: cast spell 'Death Channel'
  2650 | D:4      | XOM: confuse monster(s)
  2652 | D:4      | Killed Sigmund
  2653 | D:4      | Reached skill level 5 in Fighting
  2653 | D:4      | Reached XP level 6. HP: 35/49 MP: 0/0
  2679 | D:4      | XOM: blink monster(s)
  2681 | D:4      | XOM: chaos upgrade
  2927 | D:4      | Reached XP level 7. HP: 44/54 MP: 0/0
  2927 | D:4      | Learned a level 3 spell: Vampiric Draining
  3076 | D:4      | XOM: cloud trail
  3133 | D:4      | XOM: god gift: ring mail {god gift}
  3189 | D:4      | Reached skill level 6 in Fighting
  3349 | D:4      | XOM: summons friendly iron imp
  3446 | D:4      | XOM: cast spell 'Dispersal'
  3463 | D:4      | Reached XP level 8. HP: 57/62 MP: 0/0
  3769 | D:5      | Entered Level 5 of the Dungeon
  3820 | D:5      | Found a sand-covered staircase.
  3831 | Ossuary  | Entered an ossuary
  3914 | Ossuary  | XOM: divination: detect items
  3986 | Ossuary  | Reached skill level 7 in Fighting
  4510 | D:5      | XOM: confuse monster(s)
  4516 | D:5      | Reached skill level 5 in Spellcasting
  4516 | D:5      | Reached skill level 5 in Conjurations
  4516 | D:5      | Reached skill level 5 in Hexes
  4516 | D:5      | Reached skill level 5 in Summonings
  4516 | D:5      | Reached skill level 5 in Necromancy
  4516 | D:5      | Reached skill level 5 in Translocations
  4516 | D:5      | Reached skill level 5 in Transmutations
  4516 | D:5      | Reached skill level 5 in Fire Magic
  4516 | D:5      | Reached skill level 5 in Ice Magic
  4516 | D:5      | Reached skill level 5 in Air Magic
  4516 | D:5      | Reached skill level 5 in Earth Magic
  4516 | D:5      | Reached skill level 5 in Poison Magic
  4779 | D:5      | XOM: smoke on damage
  4915 | D:5      | XOM: enchant monster (good)
  4925 | D:5      | XOM: smoke on damage
  4929 | D:5      | XOM: enchant monster (good)
  4940 | D:5      | Reached skill level 8 in Fighting
  4940 | D:5      | Reached XP level 9. HP: 23/70 MP: 0/0
  4940 | D:5      | Learned a level 4 spell: Animate Dead
  4950 | D:5      | XOM: swap monsters
  5142 | D:4      | XOM: torment (36/70 hp)
  5510 | D:6      | Noticed Jeremiah
  5565 | D:6      | XOM: swap monsters
  5581 | D:6      | XOM: enchant monster (good)
  5997 | D:5      | XOM: cloud trail
  6297 | D:6      | XOM: noise
  6329 | D:7      | Found a staircase to the Ecumenical Temple.
  6339 | Temple   | Entered the Ecumenical Temple
  6374 | Temple   | XOM: give mutation
  6374 | Temple   | Gained mutation: You have a pair of small antennae on your
                  | head. [Xom's grace]
  6472 | Temple   | Fell from the grace of Xom
  6472 | Temple   | Became a worshipper of Hepliaklqana the Forgotten
  6567 | D:7      | Reached skill level 9 in Fighting
  6740 | D:7      | XOM: chaos cloud
  6949 | Temple   | XOM: stat loss: -1 Dex (12/13)
  7174 | D:7      | Identified the +12 hand axe of Iconoclasm {vamp, rElec
                  | rPois Dex+3}
  7303 | D:6      | Slain by a slime creature

Illustrated notes

Levels and vault maps discovered:
D:1:      eino_arrival_tree_alley, layout_basic, serial_shops,
          nicolae_shop_tiny_waterfront
D:2:      minmay_skewed_foursquare, layout_rooms, basic_ecumenical_altar,
          roderic_nine_men_s_morris, uniq_crazy_yiuf_cottage
D:3:      layout_loops_cross, uniq_natasha, uniq_jessica
D:4:      minmay_octagon_keep, layout_cave_pools, kennysheep_generic_room_5,
          uniq_sigmund
D:5:      layout_loops_ring, enter_ossuary_5
D:6:      layout_cave_pools, tgw_sif, gammafunk_temple_overflow_statue,
          hex_large, uniq_jeremiah
D:7:      layout_rooms, minmay_temple_entry_junction_2,
          gammafunk_ghost_abyssal_escape, grunt_potential
Temple:   mainiacjoe_temple_coin_purse

Skill      XL: |  1  2  3  4  5  6  7  8  9 |
---------------+----------------------------+-----
Spellcasting   | 1 2 3 4 5 6 |  6.5
Conjurations   | 1 2 3 4 5 6 |  6.5
Hexes          | 1 2 3 4 5 6 |  6.5
Summonings     | 1 2 3 4 5 6 |  6.5
Necromancy     | 1 2 3 4 5 6 |  6.5
Translocations | 1 2 3 4 5 6 |  6.5
Transmutations | 1 2 3 4 5 6 |  6.5
Fire Magic     | 1 2 3 4 5 6 |  6.5
Ice Magic      | 1 2 3 4 5 6 |  6.5
Air Magic      | 1 2 3 4 5 6 |  6.5
Earth Magic    | 1 2 3 4 5 6 |  6.5
Poison Magic   | 1 2 3 4 5 6 |  6.5
Fighting       | 4 5 6 8 9 |  9.4
Long Blades    | |  2.6
Armour         | |  1.0
Dodging        | |  2.1

Action                     |  1- 3 |  4- 6 |  7- 9 || total
---------------------------+-------+-------+-------++-------
  Melee: Spear             |    73 |   105 |   433 ||   611
         Falchion          |     3 |       |       ||     3
         Punch             |     1 |       |     8 ||     9
   Cast: Shock             |    15 |       |     1 ||    16
         Jinxbite          |       |     5 |     5 ||    10
         Vampiric Draining |       |       |     7 ||     7
  Evoke: Wand              |       |       |     2 ||     2
    Use: Scroll            |       |     1 |     9 ||    10
         Potion            |       |       |     4 ||     4
   Stab: Sleeping          |       |     2 |     1 ||     3
         Petrified         |       |       |     4 ||     4
         Confused          |       |       |     4 ||     4
 Armour: Leather armour    |    37 |    61 |   338 ||   436
  Dodge: Dodged            |    39 |    53 |   258 ||   350

Table legend: (Time is in decaauts)
 A = Elapsed time spent in this place.
 B = Non-inter-level travel time spent in this place.
 C = Inter-level travel time spent in this place.
 D = Time resting spent in this place.
 E = Time spent auto-exploring this place.
 F = Levels seen in this place.
 G = Mean time per level.
                   A        B        C        D        E       F      G
               +--------+--------+--------+--------+--------+-----+--------+
         Total |   7353 |   7223 |    130 |   1467 |   4232 |   9 |  817.0 |
       Dungeon |   6238 |   6118 |    120 |    906 |   3884 |   7 |  891.1 |
        Temple |    578 |    568 |     10 |    506 |      0 |   1 |  578.0 |
       Ossuary |    536 |    536 |      0 |     55 |    348 |   1 |  536.0 |
               +--------+--------+--------+--------+--------+-----+--------+

Top non-repeatable levels by time:
     D:5: 1418 daAuts
     D:4: 1379 daAuts
     D:3: 1033 daAuts
     D:2: 879 daAuts
     D:1: 798 daAuts
  Temple: 578 daAuts
 Ossuary: 536 daAuts
     D:7: 398 daAuts
     D:6: 329 daAuts
